| TOP OF THE 1ST |
|
Los Angeles (NYP) Angels batting - Pitching for Connecticut Tigers : RHP Bror Wuopio
|
|
Pitching: RHP Bror Wuopio
|
|
|
Batting: RHB Ivan Barrientos
|
0-0: Ball 1-0: Called Strike 1-1: Called Strike 1-2: Fly out, F6 (Popup, 6M, EV 69.4 MPH)
|
|
Batting: RHB Scott Webb
|
0-0: Called Strike 0-1: Foul Ball, location: 2F 0-2: Ball 1-2: Ball 2-2: Strikes out swinging
|
|
Batting: RHB Aaron Bryant
|
0-0: Ball 1-0: Ball 2-0: Ball 3-0: Called Strike 3-1: Base on Balls
|
|
Batting: LHB Edgar van der Meeren
|
0-0: Called Strike 0-1: Ball 1-1: Foul Ball, location: 2F 1-2: Foul Ball, location: 2F 1-2: Foul Ball, location: 2F 1-2: Strikes out looking
|
| Top of the 1st over - 0 runs, 0 hits, 0 errors, 1 left on base; Los Angeles (NYP) 0 - Connecticut 0 |
| BOTTOM OF THE 1ST |
|
Connecticut Tigers batting - Pitching for Los Angeles (NYP) Angels : LHP Si-hun Yi
|
|
Pitching: LHP Si-hun Yi
|
|
|
Batting: RHB Yaremka Rzhevsky
|
0-0: Called Strike 0-1: Called Strike 0-2: Ground out 5-3 (Groundball, 56, EV 76.9 MPH)
|
|
Batting: LHB Iestyn Peacock
|
0-0: Ball 1-0: Called Strike 1-1: Called Strike 1-2: Ball 2-2: Strikes out swinging
|
|
Batting: RHB Tony Nunez
|
0-0: Ball 1-0: Ball 2-0: Called Strike 2-1: SINGLE (Line Drive, 6M, EV 96.2 MPH)
|
|
Batting: SHB Ronnie Lundy
|
0-0: Ball 1-0: Ball 2-0: Ball 3-0: Fly out, F8 (Flyball, 89M, EV 91.9 MPH)
|
| Bottom of the 1st over - 0 runs, 1 hit, 0 errors, 1 left on base; Los Angeles (NYP) 0 - Connecticut 0 |
| TOP OF THE 2ND |
|
Los Angeles (NYP) Angels batting - Pitching for Connecticut Tigers : RHP Bror Wuopio
|
|
Batting: LHB Mario Anguiano
|
0-0: Called Strike 0-1: Called Strike 0-2: Ball 1-2: Fly out, F6 (Popup, P, EV 82.5 MPH)
|
|
Batting: RHB Wilford Harper
|
0-0: Ball 1-0: Ball 2-0: Fly out, F9 (Flyball, 89M, EV 88.8 MPH)
|
|
Batting: SHB Yuya Hirata
|
0-0: Ball 1-0: Ground out 1-3 (Groundball, 13S, EV 68.8 MPH)
|
| Top of the 2nd over - 0 runs, 0 hits, 0 errors, 0 left on base; Los Angeles (NYP) 0 - Connecticut 0 |
| BOTTOM OF THE 2ND |
|
Connecticut Tigers batting - Pitching for Los Angeles (NYP) Angels : LHP Si-hun Yi
|
|
Batting: LHB Jon Pedlar
|
0-0: Ball 1-0: Ball 2-0: Called Strike 2-1: Ball 3-1: Base on Balls
|
|
Batting: SHB Isaiah Bias
|
0-0: Ball 1-0: Ball 2-0: Fly out, F8 (Line Drive, 8RD, EV 106.2 MPH)
|
|
Batting: RHB Dustin Bursell
|
0-0: Foul Ball, location: 2F 0-1: Foul Ball, location: 2F 0-2: Foul Ball, location: 2F 0-2: Ball 1-2: Foul Ball, location: 2F 1-2: Foul Ball, location: 2F 1-2: Strikes out swinging
|
|
Batting: RHB Brandon Everett
|
0-0: Ball 1-0: Ball 2-0: Ball 3-0: Called Strike 3-1: Base on Balls Jon Pedlar to second
|
|
Batting: LHB Zach Rose
|
0-0: Ball 1-0: Called Strike 1-1: Ball 2-1: Foul Ball, location: 2F 2-2: Foul Ball, location: 2F 2-2: Fly out, F8 (Flyball, 8RD, EV 84.4 MPH)
|
| Bottom of the 2nd over - 0 runs, 0 hits, 0 errors, 2 left on base; Los Angeles (NYP) 0 - Connecticut 0 |
| TOP OF THE 3RD |
|
Los Angeles (NYP) Angels batting - Pitching for Connecticut Tigers : RHP Bror Wuopio
|
|
Batting: RHB Brendan Garoutte
|
0-0: Fly out, F3 (Popup, 3F, EV 68.1 MPH)
|
|
Batting: RHB Ron Major
|
0-0: Swinging Strike 0-1: Ball 1-1: Called Strike 1-2: Strikes out looking
|
|
Batting: RHB Ivan Barrientos
|
0-0: Called Strike 0-1: SINGLE (Line Drive, 6D, EV 98.1 MPH)
|
|
Batting: RHB Scott Webb
|
0-0: Called Strike Ivan Barrientos is caught stealing 2nd base 2-4
|
| Top of the 3rd over - 0 runs, 1 hit, 0 errors, 0 left on base; Los Angeles (NYP) 0 - Connecticut 0 |
| BOTTOM OF THE 3RD |
|
Connecticut Tigers batting - Pitching for Los Angeles (NYP) Angels : LHP Si-hun Yi
|
|
Batting: RHB Yaremka Rzhevsky
|
0-0: Ball 1-0: Ball 2-0: Called Strike 2-1: Foul Ball, location: 2F 2-2: Hit by Pitch
|
|
Batting: LHB Iestyn Peacock
|
0-0: Called Strike 0-1: Ball 1-1: Ball 2-1: SINGLE (Groundball, 4D, EV 96.2 MPH) Yaremka Rzhevsky to second Runner from 2nd tries for 3rd, SAFE, throw by RF made to third Iestyn Peacock to second
|
|
Batting: RHB Tony Nunez
|
0-0: Ball 1-0: Called Strike 1-1: Foul Ball, location: 2F 1-2: Fly out, F9 (Flyball, 9D, EV 107.5 MPH) Runner from 3rd tags up, SCORES, no throw by RF Iestyn Peacock to third
|
|
Batting: SHB Ronnie Lundy
|
0-0: Ball 1-0: Called Strike 1-1: Ball 2-1: Foul Ball, location: 2F 2-2: Ball 3-2: Foul Ball, location: 2F 3-2: Base on Balls
|
|
Batting: LHB Jon Pedlar
|
0-0: Ball 1-0: Reached via error on a dropped throw from P, E6 (Groundball, 13S, EV 68.8 MPH) Iestyn Peacock scores Ronnie Lundy to second
|
|
Batting: SHB Isaiah Bias
|
0-0: Ball 1-0: Ball 2-0: DOUBLE (Flyball, 8LXD, EV 96.9 MPH) Ronnie Lundy scores Jon Pedlar to third
|
|
Batting: RHB Dustin Bursell
|
0-0: Swinging Strike 0-1: Called Strike 0-2: Strikes out swinging
|
|
Batting: RHB Brandon Everett
|
0-0: Ball 1-0: Foul Ball, location: 2F 1-1: Ball 2-1: Foul Ball, location: 2F 2-2: Strikes out swinging
|
| Bottom of the 3rd over - 3 runs, 2 hits, 1 error, 2 left on base; Los Angeles (NYP) 0 - Connecticut 3 |
| TOP OF THE 4TH |
|
Los Angeles (NYP) Angels batting - Pitching for Connecticut Tigers : RHP Bror Wuopio
|
|
Batting: RHB Scott Webb
|
0-0: Ball 1-0: Ball 2-0: Called Strike 2-1: Called Strike 2-2: Ball 3-2: Base on Balls
|
|
Batting: RHB Aaron Bryant
|
0-0: Ball Scott Webb is caught stealing 2nd base 2-4 1-0: Swinging Strike 1-1: Ball 2-1: Swinging Strike 2-2: Foul Ball, location: 2F 2-2: Ground out 6-3 (Groundball, 6, EV 84.4 MPH)
|
|
Batting: LHB Edgar van der Meeren
|
0-0: Called Strike 0-1: Ball 1-1: Foul Ball, location: 2F 1-2: Ball 2-2: Ball 3-2: Base on Balls
|
|
Batting: LHB Mario Anguiano
|
0-0: Ball 1-0: SINGLE (Line Drive, 34D, EV 95.6 MPH) Edgar van der Meeren to second Runner from 2nd tries for 3rd, SAFE, no throw by RF
|
|
Batting: RHB Wilford Harper
|
0-0: Ball 1-0: Ball Wild Pitch! Edgar van der Meeren scores Mario Anguiano to second 2-0: Ground out 4-3 (Groundball, 34, EV 80.0 MPH)
|
| Top of the 4th over - 1 run, 1 hit, 0 errors, 1 left on base; Los Angeles (NYP) 1 - Connecticut 3 |
| BOTTOM OF THE 4TH |
|
Connecticut Tigers batting - Pitching for Los Angeles (NYP) Angels : LHP Si-hun Yi
|
|
Pitching: RHP Chris Adams
|
|
|
Batting: LHB Zach Rose
|
0-0: Called Strike 0-1: Ball 1-1: Foul Ball, location: 2F 1-2: Foul Ball, location: 2F 1-2: Ball 2-2: Strikes out swinging
|
|
Batting: RHB Yaremka Rzhevsky
|
0-0: Called Strike 0-1: SINGLE (Groundball, 6S, EV 75.0 MPH) (infield hit)
|
|
Batting: LHB Iestyn Peacock
|
0-0: Foul Ball, location: 2F 0-1: Called Strike 0-2: Ball 1-2: Foul Ball, location: 2F 1-2: Strikes out swinging
|
|
Batting: RHB Tony Nunez
|
0-0: Ball 1-0: Ball 2-0: DOUBLE (Line Drive, 89M, EV 93.1 MPH) Yaremka Rzhevsky to third
|
|
Batting: SHB Ronnie Lundy
|
0-0: Called Strike 0-1: Called Strike 0-2: Strikes out swinging
|
| Bottom of the 4th over - 0 runs, 2 hits, 0 errors, 2 left on base; Los Angeles (NYP) 1 - Connecticut 3 |
| TOP OF THE 5TH |
|
Los Angeles (NYP) Angels batting - Pitching for Connecticut Tigers : RHP Bror Wuopio
|
|
Batting: SHB Yuya Hirata
|
0-0: Ground out 4-3 (Groundball, 4, EV 108.1 MPH)
|
|
Batting: RHB Brendan Garoutte
|
0-0: Ground out 5-3 (Groundball, 5, EV 109.4 MPH)
|
|
Batting: RHB Ron Major
|
0-0: Swinging Strike 0-1: Foul Ball, location: 2F 0-2: Ball 1-2: Foul Ball, location: 2F 1-2: Foul Ball, location: 2F 1-2: Foul Ball, location: 2F 1-2: Strikes out swinging
|
| Top of the 5th over - 0 runs, 0 hits, 0 errors, 0 left on base; Los Angeles (NYP) 1 - Connecticut 3 |
| BOTTOM OF THE 5TH |
|
Connecticut Tigers batting - Pitching for Los Angeles (NYP) Angels : RHP Chris Adams
|
|
Batting: LHB Jon Pedlar
|
0-0: Called Strike 0-1: Ball 1-1: Foul Ball, location: 2F 1-2: Strikes out swinging
|
|
Batting: SHB Isaiah Bias
|
0-0: Ball 1-0: Ball 2-0: Ball 3-0: Called Strike 3-1: Base on Balls
|
|
Batting: RHB Dustin Bursell
|
0-0: Swinging Strike 0-1: Ball Wild Pitch! Isaiah Bias to second 1-1: Foul Ball, location: 2F 1-2: Ball 2-2: Ball 3-2: Foul Ball, location: 2F 3-2: Strikes out swinging
|
|
Batting: RHB Brandon Everett
|
0-0: Called Strike 0-1: Ball 1-1: Called Strike 1-2: Ball 2-2: Ball 3-2: SINGLE (Groundball, 5D, EV 111.9 MPH) Isaiah Bias to third Runner from 3rd tries for Home, SAFE, throw by LF to home
|
|
Batting: LHB Zach Rose
|
0-0: Called Strike 0-1: Called Strike 0-2: Ball 1-2: SINGLE (Groundball, P, EV 85.0 MPH) (infield hit) Brandon Everett to second
|
|
Batting: RHB Yaremka Rzhevsky
|
0-0: Called Strike 0-1: Ball 1-1: Ground out U3 (Groundball, 34S, EV 84.4 MPH)
|
| Bottom of the 5th over - 1 run, 2 hits, 0 errors, 2 left on base; Los Angeles (NYP) 1 - Connecticut 4 |
| TOP OF THE 6TH |
|
Los Angeles (NYP) Angels batting - Pitching for Connecticut Tigers : RHP Bror Wuopio
|
|
Batting: RHB Ivan Barrientos
|
0-0: Called Strike 0-1: Ball 1-1: Ball 2-1: Foul Ball, location: 2F 2-2: Strikes out swinging
|
|
Batting: RHB Scott Webb
|
0-0: Ball 1-0: Swinging Strike 1-1: Foul Ball, location: 2F 1-2: Foul Ball, location: 2F 1-2: Foul Ball, location: 2F 1-2: Foul Ball, location: 2F 1-2: Strikes out swinging
|
|
Batting: RHB Aaron Bryant
|
0-0: Called Strike 0-1: Ball 1-1: Ball 2-1: Called Strike 2-2: SINGLE (Groundball, 6MD, EV 94.4 MPH)
|
|
Pitching: RHP Bert Hernandez
|
|
|
Batting: LHB Edgar van der Meeren
|
0-0: Ball Passed Ball! Aaron Bryant to second 1-0: Swinging Strike 1-1: Foul Ball, location: 2F 1-2: Ball 2-2: Foul Ball, location: 2F 2-2: Ball 3-2: Base on Balls
|
|
Batting: LHB Mario Anguiano
|
0-0: Swinging Strike 0-1: Ball 1-1: Foul Ball, location: 2F 1-2: Strikes out swinging
|
| Top of the 6th over - 0 runs, 1 hit, 0 errors, 2 left on base; Los Angeles (NYP) 1 - Connecticut 4 |
| BOTTOM OF THE 6TH |
|
Connecticut Tigers batting - Pitching for Los Angeles (NYP) Angels : RHP Chris Adams
|
|
Batting: LHB Iestyn Peacock
|
0-0: Foul Ball, location: 2F 0-1: Ball 1-1: Foul Ball, location: 2F 1-2: Foul Ball, location: 2F 1-2: Strikes out swinging
|
|
Batting: RHB Tony Nunez
|
0-0: Foul Ball, location: 2F 0-1: Ball 1-1: Called Strike 1-2: Ball 2-2: Foul Ball, location: 2F 2-2: Ball 3-2: Foul Ball, location: 2F 3-2: Foul Ball, location: 2F 3-2: Strikes out looking
|
|
Batting: SHB Ronnie Lundy
|
0-0: Called Strike 0-1: Ball 1-1: Swinging Strike 1-2: Ball 2-2: SINGLE (Groundball, 34D, EV 108.8 MPH)
|
|
Pitching: RHP Humberto Paniagua
|
|
|
Batting: LHB Jon Pedlar
|
0-0: Called Strike 0-1: Ball 1-1: Ball 2-1: Ball 3-1: Base on Balls Ronnie Lundy to second
|
|
Batting: SHB Isaiah Bias
|
0-0: Fielders Choice at 2nd, 6-4 (Groundball, 6MD, EV 108.8 MPH)
|
| Bottom of the 6th over - 0 runs, 1 hit, 0 errors, 2 left on base; Los Angeles (NYP) 1 - Connecticut 4 |
| TOP OF THE 7TH |
|
Los Angeles (NYP) Angels batting - Pitching for Connecticut Tigers : RHP Bert Hernandez
|
|
Batting: RHB Wilford Harper
|
0-0: Ground out 5-3 (Groundball, 56, EV 81.2 MPH)
|
|
Batting: SHB Yuya Hirata
|
0-0: Ball 1-0: Ball 2-0: Ball 3-0: Called Strike 3-1: Base on Balls
|
|
Batting: RHB Brendan Garoutte
|
0-0: Called Strike 0-1: Called Strike 0-2: Ball 1-2: SINGLE (Line Drive, 78M, EV 88.1 MPH) Yuya Hirata to second
|
|
Batting: RHB Ron Major
|
0-0: Called Strike 0-1: Ball 1-1: Ball 2-1: Ball 3-1: Called Strike 3-2: Ground out 5-3 (Groundball, 5S, EV 64.4 MPH) Yuya Hirata to third Brendan Garoutte to second
|
|
Pitching: RHP Rich Nunez
|
|
|
Batting: RHB Ivan Barrientos
|
0-0: Swinging Strike 0-1: Ball 1-1: Ground out 5-3 (Groundball, 56, EV 106.9 MPH)
|
| Top of the 7th over - 0 runs, 1 hit, 0 errors, 2 left on base; Los Angeles (NYP) 1 - Connecticut 4 |
| BOTTOM OF THE 7TH |
|
Connecticut Tigers batting - Pitching for Los Angeles (NYP) Angels : RHP Humberto Paniagua
|
|
DELAY
|
Rain delay of 20 minutes in the 7th inning.
|
|
Batting: RHB Dustin Bursell
|
0-0: Fly out, F8 (Flyball, 8RD, EV 77.5 MPH)
|
|
Batting: RHB Brandon Everett
|
0-0: Foul Ball, location: 2F 0-1: Swinging Strike 0-2: Foul Ball, location: 2F 0-2: Strikes out swinging
|
|
Batting: LHB Zach Rose
|
0-0: Swinging Strike 0-1: Ball 1-1: Ball 2-1: Fly out, F8 (Flyball, 8RD, EV 98.1 MPH)
|
| Bottom of the 7th over - 0 runs, 0 hits, 0 errors, 0 left on base; Los Angeles (NYP) 1 - Connecticut 4 |
| TOP OF THE 8TH |
|
Los Angeles (NYP) Angels batting - Pitching for Connecticut Tigers : RHP Rich Nunez
|
|
Batting: RHB Scott Webb
|
0-0: Called Strike 0-1: Fly out, F7 (Flyball, 78M, EV 94.4 MPH)
|
|
Batting: RHB Aaron Bryant
|
0-0: Foul Ball, location: 2F 0-1: Ground out 5-3 (Groundball, 56, EV 108.8 MPH)
|
|
Batting: LHB Edgar van der Meeren
|
0-0: Ball 1-0: Foul Ball, location: 2F 1-1: Foul Ball, location: 2F 1-2: Ground out 3-1 (Groundball, 34S, EV 88.8 MPH)
|
| Top of the 8th over - 0 runs, 0 hits, 0 errors, 0 left on base; Los Angeles (NYP) 1 - Connecticut 4 |
| BOTTOM OF THE 8TH |
|
Connecticut Tigers batting - Pitching for Los Angeles (NYP) Angels : RHP Humberto Paniagua
|
|
Batting: RHB Yaremka Rzhevsky
|
0-0: Foul Ball, location: 2F 0-1: Swinging Strike 0-2: Ball 1-2: Strikes out swinging
|
|
Batting: LHB Iestyn Peacock
|
0-0: Ball 1-0: Called Strike 1-1: Swinging Strike 1-2: Foul Ball, location: 2F 1-2: Foul Ball, location: 2F 1-2: Foul Ball, location: 2F 1-2: Ball 2-2: Foul Ball, location: 2F 2-2: Strikes out swinging
|
|
Batting: RHB Tony Nunez
|
0-0: Ball 1-0: Ball 2-0: Foul Ball, location: 2F 2-1: Foul Ball, location: 2F 2-2: Ball 3-2: Strikes out looking
|
| Bottom of the 8th over - 0 runs, 0 hits, 0 errors, 0 left on base; Los Angeles (NYP) 1 - Connecticut 4 |
| TOP OF THE 9TH |
|
Los Angeles (NYP) Angels batting - Pitching for Connecticut Tigers : RHP Rich Nunez
|
|
Pitching: LHP Victor Villarreal
|
|
|
Batting: LHB Mario Anguiano
|
0-0: Called Strike 0-1: Swinging Strike 0-2: Strikes out swinging
|
|
Batting: RHB Wilford Harper
|
0-0: Foul Ball, location: 2F 0-1: Foul Ball, location: 2F 0-2: Foul Ball, location: 2F 0-2: Foul Ball, location: 2F 0-2: Ball 1-2: Foul Ball, location: 2F 1-2: Strikes out looking
|
|
Batting: SHB Yuya Hirata
|
0-0: Ball 1-0: SINGLE (Groundball, 6MD, EV 100.0 MPH)
|
|
Batting: RHB Brendan Garoutte
|
0-0: Ball 1-0: Swinging Strike 1-1: Ball 2-1: Foul Ball, location: 2F 2-2: Strikes out swinging
|
| Top of the 9th over - 0 runs, 1 hit, 0 errors, 1 left on base; Los Angeles (NYP) 1 - Connecticut 4 |
|